 Dungeon Crawl Stone Soup version 0.27-a0-54-g64bdb92e38 (webtiles) character file.

Game seed: 8883801711446659877

336 kae the Insei (level 6, -1/41 HPs)
             Began as an Octopode Transmuter on Jan 7, 2021.
             Killed from afar by an orc wizard (7 damage)
             ... with a magic dart
             ... on level 3 of the Dungeon.
             The game lasted 00:01:46 (4351 turns).

kae the Insei (Octopode Transmuter)                 Turns: 4351, Time: 00:01:46

Health: -1/41      AC:  2    Str: 11    XL:     6   Next: 54%
Magic:  8/10       EV: 21    Int: 16    God:
Gold:   179        SH:  0    Dex: 17    Spells: 7/11 levels left

rFire    . . .     SeeInvis .     - Unarmed
rCold    . . .     Faith    .   (shield currently unavailable)
rNeg     . . .     Spirit   .   (helmet currently unavailable)
rPois    x         Reflect  .   (no amulet)
rElec    .         Harm     .   (no ring)
rCorr    .         Rampage  .   (no ring)
Will     .....                  (no ring)
Stlth    ++........             (no ring)
HPRegen  0.13/turn              (no ring)
MPRegen  0.12/turn              (no ring)
                                (no ring)
                                (no ring)

@: spider-form (expiring), slowed, very slow
A: tiny, almost no armour, stealthy swim, (amphibious), 8 rings, (constrict 8)
a: End Transformation


You were on level 3 of the Dungeon.
You were a venomous arachnid creature.
You visited 1 branch of the dungeon, and saw 3 of its levels.

You collected 179 gold pieces.

Inventory:

Wands
 e - a wand of polymorph (8)
Scrolls
 a - a scroll of noise {unknown}
 b - a scroll of fog
 c - a scroll of teleportation
 g - 3 scrolls of identify
 j - a scroll of immolation {unknown}
Potions
 d - 3 potions of attraction
 f - a potion of heal wounds
 h - a potion of brilliance {unknown}
 i - a potion of invisibility {unknown}
 k - a potion of degeneration {unknown}
 l - 2 potions of cancellation {unknown}


   Skills:
 + Level 2.5 Fighting
 + Level 3.2 Dodging
 * Level 4.9 Unarmed Combat
 - Level 3.0 Spellcasting
 + Level 3.1 Transmutations


You had 7 spell levels left.
You knew the following spells:

 Your Spells              Type           Power        Failure   Level
a - Beastly Appendage     Tmut           24%          14%         1
b - Spider Form           Tmut/Pois      3%           50%         3

Your spell library contained the following spells:

 Spells                   Type           Power        Failure   Level
 Wereblood                Tmut           12%          21%         2
 Corona                   Hex            2%           38%         1
 Ensorcelled Hibernation  Hex/Ice        4%           50%         2
 Confusing Touch          Hex            2%           71%         3
 Dazzling Flash           Conj/Hex       4%           71%         3
 Tukima's Dance           Hex            2%           71%         3
 Ice Form                 Ice/Tmut       7%           85%         4
 Blade Hands              Tmut           6%           92%         5


Dungeon Overview and Level Annotations

Branches:
Dungeon (3/15)

Altars:
Gozag
Zin


Innate Abilities, Weirdness & Mutations

You cannot wear most types of armour.
You are very stealthy in the water. (Stealth+)
((You are amphibious.))
You can wear up to eight rings at the same time.
((You can use your tentacles to constrict eight enemies at once.))
((Your skin changes colour to match your surroundings (Stealth+).))
((Your rubbery body absorbs attacks. (AC +1, EV +1)))


Message History

You completely miss the orc wizard.
The orc wizard is moderately wounded.
The orc wizard barely misses you.
You barely miss the orc wizard.
The orc wizard is moderately wounded.
The orc wizard closely misses you.
You hit the orc wizard but do no damage.
The orc wizard looks as sick as possible!
The orc wizard is moderately wounded.
The orc wizard is no longer moving quickly.
The orc wizard points at you and mumbles some strange words.
You feel yourself slow down.
The orc wizard points at you and mumbles some strange words.
The magic dart hits you!
* * * LOW HITPOINT WARNING * * *
You barely miss the orc wizard.
The orc wizard is heavily wounded.
The orc wizard gestures at you while chanting.
The magic dart hits you!
You die...

.############.# *,* *,,,
............#.## *,*
*****,* ............#..#
*,* *,,,,,*
#...........##.## *,*
**+*****
#...........##..# *,*
*,,,,,,,
#.†.........###.###.####
*,,,,,,, ##†##########
#..#.....# *,,,,,,, #.#
##.#.....# *,,,,,,, #.#
#s#.....# ******,, #.#
#o#.....# *,, #.#
#.#.....# ******+ ##>#
#(......# *,,,,,, ...#
##......# *,***** ...#
#...#### *,* ..## ##..#
*,* ..# #..# *,* ..#
##># *,*


You could see an orc wizard (extremely poisoned).

Vanquished Creatures
  An ice beast (D:3)
  An orc priest (D:3)
  Jessica (D:2)
  An orc wizard (D:3)
  7 adders
  2 worms (D:2)
  2 dart slugs
  2 leopard geckos (D:3)
  5 orcs (D:3)
  3 bats
  4 giant cockroaches
  4 goblins
  7 hobgoblins
  13 jackals
  9 kobolds
  2 quokkas
  3 ball pythons
  5 frilled lizards
  12 rats
84 creatures vanquished.

Notes
Turn   | Place    | Note
-------+----------+-------------------------------------------
     0 | D:1      | kae the Octopode Transmuter began the quest for the Orb.
     0 | D:1      | Reached XP level 1. HP: 13/13 MP: 3/3
   747 | D:1      | Reached XP level 2. HP: 18/18 MP: 3/5
  1623 | D:2      | Noticed Jessica
  1630 | D:2      | Killed Jessica
  1631 | D:2      | Reached XP level 3. HP: 19/23 MP: 4/6
  1715 | D:2      | Learned a level 3 spell: Spider Form
  1981 | D:2      | Reached XP level 4. HP: 13/29 MP: 5/7
  2676 | D:2      | Reached skill level 4 in Unarmed Combat
  3043 | D:2      | Reached XP level 5. HP: 34/34 MP: 6/8
  3153 | D:3      | Found an opulent altar of Gozag.
  3217 | D:3      | Found a glowing silver altar of Zin.
  3820 | D:3      | Noticed an ice beast
  3839 | D:3      | Killed an ice beast
  3840 | D:3      | Reached XP level 6. HP: 40/41 MP: 10/10
  4351 | D:3      | Killed from afar by an orc wizard

Illustrated notes

Levels and vault maps discovered:
D:1:      psy_arrival_radial01, layout_basic, minmay_misc_feat_room
D:2:      layout_loops_cross, minmay_circle_x, uniq_jessica
D:3:      minmay_thinvault, layout_basic,
          nicolae_gozag_cash_rules_everything_around_me, minitemple,
          serial_bayou_pond_e

Skill      XL: |  1  2  3  4  5 |
---------------+----------------+-----
Unarmed Combat | 4 |  4.9
Fighting       | 2 |  2.5
Dodging        | 3 |  3.2
Spellcasting   | 3 |  3.0
Transmutations | 3 |  3.1

Action                   |  1- 3 |  4- 6 || total
-------------------------+-------+-------++-------
Melee: Unarmed           |    50 |   132 ||   182
       Constrict         |    10 |    28 ||    38
       Kick              |     9 |    21 ||    30
       Tentacles         |     4 |    17 ||    21
       Punch             |       |     2 ||     2
 Cast: Beastly Appendage |    19 |    23 ||    42
       Spider Form       |       |     1 ||     1
  Use: Scroll            |       |     8 ||     8
       Potion            |       |     1 ||     1
 Stab: Sleeping          |     4 |     7 ||    11
Armor: Skin              |     2 |    15 ||    17
Dodge: Dodged            |    23 |    85 ||   108

Table legend: (Time is in decaauts)
 A = Elapsed time spent in this place.
 B = Non-inter-level travel time spent in this place.
 C = Inter-level travel time spent in this place.
 D = Time resting spent in this place.
 E = Time spent auto-exploring this place.
 F = Levels seen in this place.
 G = Mean time per level.
                   A        B        C        D        E       F      G
               +--------+--------+--------+--------+--------+-----+--------+
         Total |   4338 |   4280 |     58 |     20 |   3742 |   3 | 1446.0 |
       Dungeon |   4338 |   4280 |     58 |     20 |   3742 |   3 | 1446.0 |
               +--------+--------+--------+--------+--------+-----+--------+

Top non-repeatable levels by time:
     D:1: 1621 daAuts
     D:2: 1516 daAuts
     D:3: 1200 daAuts
